 Dungeon Crawl Stone Soup version 0.28.0-43-g3370ac3207 (webtiles) character file.

Game seed: 830395650896310113

96 pkoi the Ruffian (level 4, 0/37 HPs)
             Began as a Demigod Gladiator on Mar 29, 2022.
             Slain by a killer bee zombie (1 damage)
             ... on level 3 of the Dungeon.
             The game lasted 00:02:25 (2711 turns).

pkoi the Ruffian (Demigod Gladiator)                Turns: 2711, Time: 00:02:26

Health: 0/37       AC:  4    Str: 19    XL:     4   Next: 18%
Magic:  6/6        EV: 13    Int: 10    God:
Gold:   60         SH:  0    Dex: 15    Spells: 3/3 levels left

rFire   . . .      SeeInvis .     - Unarmed
rCold   . . .      Faith    .   (no shield)
rNeg    . . .      Spirit   .   a - +0 leather armour
rPois   .          Reflect  .   b - +0 helmet
rElec   .          Harm     .   (no cloak)
rCorr   .          Rampage  .   (no gloves)
Will    +....                   (no boots)
Stlth   +.........              j - amulet of the acrobat
HPRegen 0.12/turn               e - ring of willpower
MPRegen 0.10/turn               (no ring)

@: no status effects
A: high MP 1, forlorn, divine attributes
a: no special abilities


You were on level 3 of the Dungeon.
You visited 1 branch of the dungeon, and saw 3 of its levels.

You collected 60 gold pieces.

Inventory:

Hand Weapons
 d - a +0 short sword
Missiles
 c - 3 throwing nets (quivered)
Armour
 a - a +0 leather armour (worn)
 b - a +0 helmet (worn)
Jewellery
 e - a ring of willpower (left hand)
 j - an amulet of the acrobat (around neck)
Scrolls
 h - a scroll of teleportation
Potions
 i - a potion of lignification


   Skills:
 + Level 2.5 Fighting
 - Level 1.7 Throwing
 + Level 3.3 Dodging
 * Level 3.9 Unarmed Combat


You had 3 spell levels left.
You didn't know any spells.
Your spell library contained the following spells:

 Spells                   Type           Power      Damage    Failure   Level
 Ignite Poison            Fire/Tmut/Pois 0%         N/A       80%         3
 Mephitic Cloud           Conj/Pois/Air  0%         N/A       80%         3
 Freezing Cloud           Conj/Ice/Air   0%         6-21      100%        5


Dungeon Overview and Level Annotations

Branches:
Dungeon (3/15)

Shops:
D:1 (


Innate Abilities, Weirdness & Mutations

You have an increased reservoir of magic. (+10% MP)
You shall have no god before yourself.
Your divine heritage dramatically boosts your attributes as you level up.


Message History

The killer bee zombie misses you.
You miss the killer bee zombie.
The killer bee zombie is moderately damaged.
The killer bee zombie closely misses you. x2
You hit the killer bee zombie.
The killer bee zombie is heavily damaged.
The killer bee zombie closely misses you.
You hit the killer bee zombie.
The killer bee zombie is heavily damaged.
The killer bee zombie hits you.
* * * LOW HITPOINT WARNING * * *
The killer bee zombie hits you.
* * * LOW HITPOINT WARNING * * *
You barely miss the killer bee zombie.
The killer bee zombie is heavily damaged.
The killer bee zombie barely misses you.
The killer bee zombie closely misses you.
You hit the killer bee zombie.
The killer bee zombie is severely damaged.
The killer bee zombie hits you.
* * * LOW HITPOINT WARNING * * *
You barely miss the killer bee zombie.
The killer bee zombie is severely damaged.
The killer bee zombie hits you.
* * * LOW HITPOINT WARNING * * *
The killer bee zombie closely misses you.
You closely miss the killer bee zombie.
The killer bee zombie is severely damaged.
The killer bee zombie barely misses you.
The killer bee zombie hits you.
* * * LOW HITPOINT WARNING * * *
You hit the killer bee zombie.
The killer bee zombie is severely damaged.
The killer bee zombie hits you.
* * * LOW HITPOINT WARNING * * *
You hit the killer bee zombie but do no damage.
The killer bee zombie is severely damaged.
The killer bee zombie completely misses you.
The killer bee zombie hits you.
You die...

#.# #.# ####..§.....
#.####.# #...§§#§####
#......###.##§##<#
#..........##.##.#
#......#....#....#
#.###.##....#...## #
#.##..##....#...# #
#.##.###..###...# #
#.##@# #######'.## #
#.##Z# ###.....###
#.#####A#_..._#1#
#.#..####....)####
#....## ###+...###
#.....####...###..
#........#...#...#
#..........###.....[.#
#..........# ####.....


You could see a killer bee zombie.

Vanquished Creatures
  2 adders (D:3)
  A worm (D:2)
  4 dart slugs
  6 ball pythons
  4 endoplasms
  4 giant cockroaches
  3 goblins (D:1)
  6 hobgoblins
  3 jackals (D:1)
  7 kobolds
  2 quokkas
  8 bats
  7 frilled lizards
  8 rats
65 creatures vanquished.

Notes
Turn   | Place    | Note
-------+----------+-------------------------------------------
     0 | D:1      | pkoi the Demigod Gladiator began the quest for the Orb.
     0 | D:1      | Reached XP level 1. HP: 17/17 MP: 3/3
   147 | D:1      | Reached XP level 2. HP: 11/24 MP: 4/4
   358 | D:1      | Found Jilun's Weapon Boutique.
   664 | D:1      | Reached XP level 3. HP: 14/29 MP: 5/5
  2297 | D:3      | Reached XP level 4. HP: 11/37 MP: 6/6
  2312 | D:3      | Identified the +0 plate armour "Somiq" {Contam Harm Str+4
                  | Int+4}
  2548 | D:3      | Noticed an Executioner
  2550 | D:3      | Noticed an angel
  2710 | D:3      | HP: 1/37 [killer bee zombie (2)]
  2711 | D:3      | Slain by a killer bee zombie

Illustrated notes

Levels and vault maps discovered:
D:1:      lemuel_arrival_muddy, layout_basic,
          ebering_ecumenical_altar_abandoned, serial_shops,
          nicolae_shop_statue_plus, minmay_tetromino_s4
D:2:      layout_basic, minmay_stone_trees_small, minmay_misc_feat_columns
D:3:      minmay_roachtagon, layout_rooms,
          grunt_temple_overflow_order_and_chaos_2, nicolae_ru_awakened_eye,
          nicolae_overflow_hidden_temple

Skill      XL: |  1  2 |
---------------+-------+-----
Fighting       | 2 |  2.5
Unarmed Combat | 3 |  3.9
Dodging        | 3 |  3.3
Throwing       | |  1.7

Action                   |  1- 3 |  4- 6 || total
-------------------------+-------+-------++-------
Melee: Unarmed           |   211 |    34 ||   245
       Punch             |     5 |       ||     5
  Use: Scroll            |     4 |     2 ||     6
       Potion            |       |     3 ||     3
 Stab: Sleeping          |     1 |       ||     1
Armor: Leather armour    |    74 |     3 ||    77
Dodge: Dodged            |   143 |    34 ||   177
